 Dungeon Crawl Stone Soup version 0.16-a0-3197-g5046a99 (webtiles) character file.

3747 Ololoev the Carver (level 9, -4/63 HPs)
             Began as a Mummy Chaos Knight on Dec 16, 2014.
             Was a Plaything of Xom.
             Slain by a yak (11 damage)
             ... on level 8 of the Dungeon on Dec 18, 2014.
             The game lasted 00:38:41 (10607 turns).

Ololoev the Carver (Mummy Chaos Knight)            Turns: 10607, Time: 00:38:41

Health: -4/63      AC: 19    Str: 18    XL:     9   Next: 93%
Magic:  16/16      EV:  5    Int: 11    God:    Xom [.*....]
Gold:   99         SH:  0    Dex: 11    Spells: 0 memorised, 8 levels left

rFire  . . .     SeeInvis .     r - +0 long sword
rCold  + . .     Clarity  .     n - +0 plate armour
rNeg   + + +     SustAb   .     (no shield)
rPois  ∞         Gourm    .     s - +2 helmet
rElec  .         Spirit   .     c - +1 cloak
rCorr  .         Warding  .     h - +1 pair of gloves
rMut   .         Stasis   .     (no boots)
MR     +....                    i - amulet of regeneration
Stlth  ..........               v - ring of protection from fire
                                g - ring of flight

@: somewhat resistant to hostile enchantments, extremely unstealthy
A: no food or potions, fire vulnerability, restore body, cold resistance 1,
negative energy resistance 3, poison resistance, torment resistance, unbreathing
a: Renounce Religion, Evoke Flight


You were on level 8 of the Dungeon.
You worshipped Xom.
You were a plaything of Xom.
You were not hungry.

You visited 1 branch of the dungeon, and saw 9 of its levels.

You collected 459 gold pieces.
You spent 360 gold pieces at shops.

Notes
Turn   | Place    | Note
--------------------------------------------------------------
     0 | D:1      | Ololoev, the Mummy Chaos Knight, began the quest for the Orb.
     0 | D:1      | Reached XP level 1. HP: 18/18 MP: 1/1
   257 | D:1      | Reached XP level 2. HP: 20/24 MP: 2/2
   362 | D:1      | XOM: harmless Erth miscast
   590 | D:1      | XOM: silly message
   837 | D:1      | XOM: harmless Fire miscast
   871 | D:2      | Reached XP level 3. HP: 27/29 MP: 3/3
   889 | D:2      | XOM: harmless Tloc miscast
  1360 | D:2      | XOM: mild Divn miscast
  1549 | D:2      | XOM: silly message
  1748 | D:2      | XOM: 6-stop teleportation journey
  1813 | D:2      | XOM: summons 1 hostile demon
  2052 | D:2      | XOM: mild Pois miscast
  2060 | D:2      | Found a glowing silver altar of Zin.
  2061 | D:2      | Noticed an angel
  2207 | D:2      | Reached XP level 4. HP: 31/35 MP: 4/4
  2249 | D:2      | XOM: medium Tloc miscast
  2616 | D:2      | Found a radiant altar of Vehumet.
  2640 | D:2      | XOM: noise
  2925 | D:3      | Found a basalt altar of Yredelemnul.
  2950 | D:3      | Found a shadowy altar of Dithmenos.
  2956 | D:3      | Noticed Terence
  2958 | D:3      | XOM: smoke on damage
  2966 | D:3      | Killed Terence
  2990 | D:3      | Found a glowing golden altar of the Shining One.
  2994 | D:3      | Noticed Natasha
  3014 | D:3      | XOM: noise
  3027 | D:3      | Killed Natasha
  3031 | D:3      | XOM: confusion
  3073 | D:3      | Reached skill level 1 in Axes
  3073 | D:3      | Reached XP level 5. HP: 41/41 MP: 5/5
  3183 | D:3      | XOM: noise
  3252 | D:3      | XOM: mild Fire miscast
  3304 | D:3      | XOM: god gift: chunky hardcover book {god gift}
  3317 | D:3      | Upgraded the game from 0.16-a0-3171-gce70061 to 0.16-a0-3197-g5046a99
  3358 | D:3      | Noticed Natasha
  3363 | D:3      | Killed Natasha
  3408 | D:3      | XOM: confuse monster(s)
  3550 | D:3      | XOM: vitrification
  3708 | D:4      | XOM: 9-stop teleportation journey
  3746 | D:4      | Reached skill level 4 in Long Blades
  4055 | D:4      | XOM: vitrification
  4079 | D:4      | Reached XP level 6. HP: 28/47 MP: 6/6
  4324 | D:4      | Found a stormy altar of Qazlal.
  4715 | D:4      | Reached skill level 5 in Long Blades
  4816 | D:4      | XOM: cast spell 'Confusing Touch'
  4943 | D:4      | XOM: confuse monster(s)
  4958 | D:4      | Reached XP level 7. HP: 8/52 MP: 7/7
  5444 | D:5      | Entered Level 5 of the Dungeon
  5515 | D:5      | Found a staircase to the Ecumenical Temple.
  5530 | D:5      | Got an ivory quarterstaff
  5532 | D:5      | XOM: enchant monster (good)
  5564 | D:5      | Identified the cursed +3 quarterstaff "Tropn" {crush, -Tele rC+} (You found it on level 5 of the Dungeon)
  5751 | D:5      | XOM: noise
  5934 | D:5      | XOM: vitrification
  5968 | D:5      | Reached skill level 6 in Long Blades
  6583 | D:6      | Reached XP level 8. HP: 58/58 MP: 8/8
  6802 | D:6      | Reached skill level 7 in Long Blades
  6906 | D:6      | XOM: harmless Trmt miscast
  6989 | D:6      | Reached skill level 5 in Armour
  7135 | D:6      | XOM: divination: detect creatures
  7381 | D:6      | XOM: silly message
  7516 | D:6      | Reached skill level 1 in Evocations
  7966 | D:7      | Found Zeov Saa's Magic Scroll Boutique.
  8004 | D:7      | Bought a scroll of summoning for 114 gold pieces
  8004 | D:7      | Bought a scroll of enchant weapon for 90 gold pieces
  8004 | D:7      | Bought a scroll of magic mapping for 42 gold pieces
  8004 | D:7      | Bought a scroll of amnesia for 42 gold pieces
  8004 | D:7      | Bought a scroll of identify for 24 gold pieces
  8004 | D:7      | Bought a scroll of identify for 24 gold pieces
  8059 | D:7      | XOM: smoke on damage
  8168 | D:7      | Reached skill level 8 in Long Blades
  8233 | D:7      | XOM: silly message
  8248 | D:7      | Noticed Sigmund
  8248 | D:7      | XOM: confuse monster(s)
  8250 | D:7      | XOM: enchant monster (bad)
  8271 | D:7      | Killed Sigmund
  8405 | D:7      | XOM: god gift: smoky green potion
  8426 | D:7      | XOM: silly message
  8455 | D:7      | XOM: vitrification
  8651 | D:7      | Bought a scroll of identify for 24 gold pieces
  8666 | D:7      | XOM: swap monsters
  8678 | D:7      | Reached XP level 9. HP: 58/63 MP: 13/13
  8688 | D:7      | XOM: 1-stop teleportation journey
  8777 | D:8      | Noticed a purple ugly thing
  8777 | D:8      | XOM: potion effect (brilliance)
  8793 | D:8      | XOM: divination: detect items
  8812 | D:8      | XOM: enchant monster (bad)
  8935 | D:7      | XOM: enchant monster (good)
  8943 | D:7      | XOM: potion effect (brilliance)
  8944 | D:7      | Killed a purple ugly thing
  9100 | D:8      | Found an iron altar of Okawaru.
  9100 | D:8      | Found a shimmering altar of Xom.
  9101 | D:8      | Found a stormy altar of Qazlal.
  9190 | D:8      | Reached skill level 9 in Long Blades
  9226 | D:8      | XOM: 1-stop teleportation journey
  9308 | D:8      | XOM: summons 2 friendly demons
  9423 | D:8      | XOM: destruction
  9436 | D:8      | XOM: summons 3 friendly demons
  9496 | D:8      | XOM: confusion (+ monsters)
  9723 | D:8      | XOM: medium Chrm miscast
  9755 | D:8      | XOM: 1-stop teleportation journey
  9817 | D:8      | XOM: blink monster(s)
  9947 | D:8      | XOM: blink monster(s)
  9990 | D:8      | XOM: enchant monster (bad)
 10376 | D:8      | XOM: summons 5 hostile shadow creatures
 10552 | D:9      | Found an iron altar of Okawaru.
 10562 | D:8      | XOM: silly message
 10579 | D:8      | XOM: smoke on damage
 10590 | D:8      | XOM: summons friendly iron imp
 10591 | D:8      | Reached skill level 10 in Long Blades
 10591 | D:8      | Reached skill level 5 in Evocations
 10603 | D:8      | XOM: summons friendly iron imp
 10607 | D:8      | XOM: enchant monster (good)
 10607 | D:8      | Slain by a yak

Inventory:

Hand weapons
 r - a +0 long sword (weapon)
Armour
 c - a +1 cloak (worn)
 h - a +1 pair of gloves (worn)
 n - a +0 plate armour (worn)
 s - a +2 helmet (worn)
Jewellery
 g - a ring of flight (left hand)
 i - an amulet of regeneration (around neck)
 v - a ring of protection from fire (right hand)
 w - an uncursed ring of protection from fire
 x - an uncursed ring of protection from cold
Magical devices
 a - a wand of confusion (23)
 y - a wand of heal wounds (3)
Scrolls
 b - 4 scrolls of magic mapping
 d - 3 scrolls of fear
 e - 6 scrolls of immolation
 f - 2 scrolls of amnesia
 j - a scroll of identify
 k - a scroll of enchant armour
 l - 2 scrolls of teleportation
 m - 3 scrolls of remove curse
 o - 3 scrolls of fog
 t - a scroll of summoning
 u - a scroll of enchant weapon

Table legend:
 A = Turns spent in this place as a percentage of turns spent in the entire game.
 B = Non-inter-level travel turns spent in this place as a percentage of non-inter-level travel turns spent in the entire game.
 C = Inter-level travel turns spent in this place as a percentage of turns spent in this place.
 D = Turns resting spent in this place as a percentage of non-inter-level travel turns spent in this place.
 E = Turns spent auto-exploring this place as a percentage of non-inter-level travel turns spent in this place.
 F = Non-inter-level travel turns spent in this place divided by the number of levels of this place that you've seen.
                   A       B       C       D       E      F
               +-------+-------+-------+-------+-------+----------------------
         Total | 100.0 | 100.0 |   0.3 |   3.8 |   7.6 | 478.9
       Dungeon | 100.0 | 100.0 |   0.3 |   3.8 |   7.6 | 478.9
               +-------+-------+-------+-------+-------+----------------------


   Skills:
 - Level 3.0 Fighting
 * Level 10.0 Long Blades
   Level 1.6 Axes
 - Level 5.0 Armour
 - Level 0.7 Dodging
 + Level 5.0 Evocations


You had 8 spell levels left.
You didn't know any spells.

Dungeon Overview and Level Annotations

Branches:
Dungeon (9/15)             Temple (0/1) D:5
   Lair: D:8-11         Orc: D:9-12

Altars:
Dithmenos
Okawaru
Qazlal
Vehumet
Xom
Yredelemnul
Zin
The Shining One

Shops:
D:7 ?


Innate Abilities, Weirdness & Mutations

You do not eat or drink.
Your flesh is vulnerable to fire.
Your flesh is cold resistant.
You are immune to negative energy.
Your system is resistant to poisons.
You are immune to unholy pain and torment.
You can survive without breathing.


Message History

The yak completely misses your iron imp.
The yak gores you but does no damage.
Your iron imp closely misses the yak.
The yak gores your iron imp. x2
The yak closely misses your iron imp.
Your iron imp hits the yak.
The yak barely misses your iron imp. The yak gores your iron imp.
Your iron imp hits the yak!
The yak gores your iron imp.
Your iron imp dies!
You slash the yak!
The yak is moderately wounded.
The yak gores you. The yak gores you but does no damage.
You closely miss the yak.
The yak is moderately wounded.
The yak barely misses you.
You slash the yak!
The yak is heavily wounded.
The yak gores you but does no damage. x2
You hit the yak but do no damage.
The yak is heavily wounded.
The yak gores you but does no damage. x2
You hit the yak but do no damage.
The yak is heavily wounded.
Xom opens a gate.
The yak gores you but does no damage. The yak gores you.
You slash the yak!
The yak is severely wounded.
The yak gores you. x2
Your plate armour prevents you from hitting the yak.
The yak is severely wounded.
The yak gores you but does no damage.
Your iron imp barely misses the yak.
The yak gores you!
You slash the yak!
The yak is almost dead.
The yak gores you but does no damage.
Your iron imp barely misses the yak.
The yak gores you!
Your plate armour prevents you from hitting the yak.
The yak is almost dead. "This might be better!"
The yak suddenly stops moving!
The yak gores you!
You die...

### #.##### #.# #.#
##..#.## #.# #.#
##....# #.## ### ..#
###..## #..# ##.# .##
##..## #..# #.## .#
##..###########..####.#
.#
##)................#.##
.#
#.#######............#
.#
#.#...Y@##......####.##
.# ##.#..5Y.##.....##
##.## .##
#..###'####.....# ##.#
..# ##..#....%##....##
##. ..#
##...'...%%##>..## ##
..#####....########..##
....#........#####..##
.......###...Y.##...#
..)..### ###.......##


You could see 2 yaks and a friendly iron imp.

Table legend:
 A = Kills in this place as a percentage of kills in entire the game.
 B = Kills by you in this place as a percentage of kills by you in the entire game.
 C = Kills by friends in this place as a percentage of kills by friends in the entire game.
 D = Other kills in this place as a percentage of other kills in the entire game.
 E = Experience gained in this place as a percentage of experience gained in the entire game.
 F = Experience gained in this place divided by the number of levels of this place that you have seen.
                   A       B       C       D       E      F
               +-------+-------+-------+-------+-------+----------------------
         Total | 100.0 | 100.0 | 100.0 |  -nan | 100.0 | 594.9
       Dungeon | 100.0 | 100.0 | 100.0 |  -nan | 100.0 | 594.9
               +-------+-------+-------+-------+-------+----------------------

Vanquished Creatures
  An ugly thing (D:7)
  A blink frog (D:8)
  A human (D:8)
  2 yaks (D:8)
  2 orc warriors
  A sky beast (D:7)
  2 ice beasts
  A black bear (D:7)
  3 centaurs
  4 ogres
  3 giant frogs
  Sigmund (D:7)
  A big kobold (D:7)
  2 scorpions (D:8)
  A crimson imp (D:5)
  A goliath beetle (D:6)
  A centaur zombie (D:8)
  A giant frog zombie (D:6)
  A hound (D:5)
  10 orc wizards
  A gnoll shaman (D:8)
  3 iguanas
  4 orc priests
  6 worker ants
  Natasha (twice) (D:3)
  2 sheep (D:8)
  A killer bee zombie (D:6)
  Terence (D:3)
  5 river rats
  8 gnolls
  7 adders
  2 shadow imps
  A giant mite (D:6)
  2 worms (D:2)
  An adder zombie (D:6)
  2 adder skeletons
  6 giant geckos
  4 oozes
  34 orcs
  2 ball pythons
  16 bats
  A bat skeleton (D:8)
  A bat zombie (D:8)
  5 giant cockroaches
  12 goblins
  12 hobgoblins
  6 jackals
  5 quokkas
  A ball python skeleton (D:6)
  6 giant newts
  A jackal skeleton (D:4)
  22 kobolds
  2 quokka zombies (D:8)
  44 rats
  A rat (shapeshifter) (D:3)
  2 ballistomycetes (D:7)
  A plant (D:4)
272 creatures vanquished.

Vanquished Creatures (collateral kills)
  A hound (D:8)
  2 orc wizards
  2 orcs (D:7)
  A bat zombie (D:8)
  A rat (D:3)
  A plant (D:4)
8 creatures vanquished.

Vanquished Creatures (others)
  2 iron imps (D:8)
  An adder (D:8)
  A shadow imp (D:8)
  A white imp (D:8)
  An ufetubus (D:8)
  A hobgoblin (D:2)
  A quokka (D:8)
  A bat (D:2)
  2 giant spores
  A plant (D:4)
12 creatures vanquished.

Grand Total: 292 creatures vanquished

Action                   |  1- 3 |  4- 6 |  7- 9 || total
-------------------------+-------+-------+-------++-------
Melee: Falchion          |   141 |   360 |   300 ||   801
       Quarterstaff      |       |       |     3 ||     3
       Long sword        |       |       |   653 ||   653
Evoke: Wand              |       |       |    18 ||    18
  Use: Scroll            |       |       |    15 ||    15
 Stab: Paralysed         |       |     2 |    13 ||    15
       Petrified         |       |     1 |       ||     1
       Confused          |       |       |     9 ||     9

Vault maps used:
D:1:      elethiomel_arrival_quiet, bh_walls_and_bars
D:2:      zin_angel, fiery_altar_vehumet, grunt_decor_cap, st_stairs_12,
          solitary_fountain, minmay_distorted
D:3:      nicolae_overflow_crystal_walls, tso_metal_star,
          nicolae_dithmenos_shadow_blocks, uniq_terence, uniq_natasha
D:4:      wad_woods_stonehenge
D:5:      temple_statues, first_bread
D:6:      lemuel_ratsnest
D:7:      serial_shops, shop, uniq_sigmund
D:8:      gammafunk_temple_overflow_forgotten, grunt_livestock
D:9:      david_lair_generic, enter_bailey_8, basic_altar, uniq_pikel
